 Dungeon Crawl Stone Soup version 0.27.0-1-g7a08968 (webtiles) character file.

Game seed: 2804441721877622606

23 tokuyamm9 the Skirmisher (level 2, 0/27 HPs)
             Began as a Hill Orc Fighter on Aug 14, 2021.
             Succumbed to Crazy Yiuf's poison
             ... on level 2 of the Dungeon.
             The game lasted 00:03:12 (1326 turns).

tokuyamm9 the Skirmisher (Hill Orc Fighter)         Turns: 1326, Time: 00:03:12

Health: 0/27       AC:  6    Str: 18    XL:     2   Next: 95%
Magic:  2/2        EV:  7    Int:  8    God:
Gold:   43         SH:  9    Dex: 10    Spells: 1/1 levels left

rFire    x . .     SeeInvis .   a - +0 war axe
rCold    + . .     Faith    +   c - +0 kite shield
rNeg     . . .     Spirit   .   b - +0 scale mail
rPois    .         Reflect  .   (no helmet)
rElec    .         Harm     .   (no cloak)
rCorr    .         Rampage  .   (no gloves)
Will     .....                  (no boots)
Stlth    ..........             f - amulet of faith
HPRegen  0.09/turn              l - ring of ice
MPRegen  0.08/turn              (no ring)

@: lethally poisoned (0 -> -8)
A: no striking features
a: no special abilities


You were on level 2 of the Dungeon.
You visited 1 branch of the dungeon, and saw 2 of its levels.

You collected 43 gold pieces.

Inventory:

Hand Weapons
 a - a +0 war axe (weapon)
Armour
 b - a +0 scale mail (worn)
 c - a +0 kite shield (worn)
Jewellery
 f - an amulet of faith (around neck)
 l - a ring of ice (left hand)
Scrolls
 g - a scroll of fear {unknown}
 i - a scroll of teleportation {unknown}
 j - a scroll of silence {unknown}
 k - a scroll of identify {unknown}
Potions
 d - a potion of might
 e - a potion of lignification {unknown}
 h - a potion of mutation {unknown}
 m - a potion of attraction {unknown}
 n - 2 potions of curing {unknown}


   Skills:
 + Level 4.0 Fighting
 + Level 3.2 Axes
 + Level 3.6 Armour
 + Level 3.6 Shields


You had one spell level left.
You didn't know any spells.
Your spell library was empty.

Dungeon Overview and Level Annotations

Branches:
Dungeon (2/15)

Altars:

Annotations:
D:2 Crazy Yiuf


Message History

a +0 short sword; a bat corpse; a kobold corpse
n - 2 bubbling green potions (gained 1)
Found 25 arrows.
Found a flail.
A hobgoblin comes into view.
The hobgoblin shouts!
Found 13 gold pieces.
You barely miss the hobgoblin. You block the hobgoblin's attack. x2
You slash the hobgoblin!
You kill the hobgoblin!
Your Fighting skill increases to level 4!
Found 12 poisoned darts.
You now have 43 gold pieces (gained 13).
You see here 12 poisoned darts.
A ball python comes into view.
A ball python is nearby!
The ball python hisses angrily.
You hit the ball python.
You kill the ball python!
Found a mace.
You see here a +0 mace.
Found two maces.
Found a runed translucent door.
Crazy Yiuf shouts!
Crazy Yiuf glowers.
Found a mace.
Crazy Yiuf says, "Dawk illywillydillykilly senile!"
You see here a +0 mace.
You see here a +0 mace.
Crazy Yiuf laughs, "Announcement bag alas!"
You open the door. You hit Crazy Yiuf.
Crazy Yiuf is lightly wounded.
Crazy Yiuf hits you with a +3 quarterstaff of chaos.
You are poisoned.
Crazy Yiuf hits you with a +3 quarterstaff of chaos!
Crazy Yiuf burns you!
* * * LOW HITPOINT WARNING * * *
You slash Crazy Yiuf!
Crazy Yiuf is severely wounded.
You die...

#.# #.### #.##.
##### #.##. #..)#
#####.##. #..)#
#........ )..
##.###.#.. #g#
#......... ##@#
#..##..... #.##
#......... ##.#
##......... #.##
##...##..... ##)##
#.#...#..... #.PP##
###..#...... #.PPP#
#......... #....#
####......##
##..#####.###.#.####


You could see Crazy Yiuf.

Vanquished Creatures
  A dart slug (D:1)
  2 endoplasms (D:1)
  A giant cockroach (D:1)
  A goblin (D:1)
  2 hobgoblins
  A quokka (D:1)
  2 ball pythons
  3 bats
  4 frilled lizards
  3 kobolds
  A rat (D:2)
21 creatures vanquished.

Notes
Turn   | Place    | Note
-------+----------+-------------------------------------------
     0 | D:1      | tokuyamm9 the Hill Orc Fighter began the quest for the Orb.
     0 | D:1      | Reached XP level 1. HP: 19/19 MP: 1/1
     6 | D:1      | Noticed a polar bear
     6 | D:1      | Noticed a rime drake
     7 | D:1      | Noticed a salamander
     7 | D:1      | Noticed a hog
   277 | D:1      | Reached XP level 2. HP: 27/27 MP: 2/2
   525 | D:1      | Found a faded altar of an unknown god.
  1170 | D:2      | Reached skill level 4 in Fighting
  1296 | D:2      | Found a runed translucent door.
  1297 | D:2      | Noticed Crazy Yiuf
  1326 | D:2      | Succumbed to Crazy Yiuf's poison

Illustrated notes

Levels and vault maps discovered:
D:1:      onia_arrival_zoo_common, layout_loops_ring,
          chequers_ecumenical_altar_island
D:2:      layout_loops_cross, minmay_tetromino_o2, uniq_crazy_yiuf_cottage

Skill      XL: |  1  2 |
---------------+-------+-----
Axes           | 3 |  3.2
Fighting       | 4 |  4.0
Armour         | |  3.6
Shields        | |  3.6

Action                   || total
-------------------------++-------
Melee: War axe           ||    58
Armor: Scale mail        ||    33
Dodge: Dodged            ||    25
Block: Kite shield       ||    37
